[Event "White Rook U14 Final 2019"]
[Site "Sochi"]
[Date "2019.06.06"]
[Round "2.26"]
[White "Laukhina, Margarita A."]
[Black "Arhipov, Egor"]
[Result "1/2-1/2"]
[ECO "E18"]
[WhiteElo "1489"]
[BlackElo "1390"]
[Annotator "NA RC"]
[PlyCount "98"]
[EventDate "2019.06.02"]
[EventCountry "RUS"]
[SourceTitle "playchess.com"]
[Source "ChessBase"]
[SourceQuality "1"]
[TimeControl "5400+30"]

1. d4 Nf6 2. c4 e6 3. Nf3 b6 4. g3 Bb7 5. Bg2 c5 6. O-O Be7 7. Nc3 O-O 8. d5 exd5 9. cxd5 d6 10. e4 Nbd7 11. h3 Ba6 12. Re1 Rc8 13. Bf4 Qc7 14. e5 dxe5 15. Nxe5 Bd6 16. Nxd7 Qxd7 17. Bg5 Rfe8 18. Bxf6 gxf6 19. Ne4 Be7 20. Qf3 f5 21. Nc3 Bf6 22. h4 Rcd8 23. Qf4 Bd3 24. a4 a6 25. Qd2 c4 26. Ne2 Re7 27. Nf4 Rde8 28. Rxe7 Rxe7 29. Nxd3 cxd3 30. Qxd3 a5 31. Ra2 Re1+ 32. Kh2 f4 33. Be4 fxg3+ 34. fxg3 Qg4 35. Bxh7+ Kg7 36. b3 Rd1 37. Qf5 Qxf5 38. Bxf5 Rxd5 39. Rf2 Be7 40. Kh3 Bc5 41. Rf3 Re5 42. h5 Re3 43. Rxe3 Bxe3 44. g4 f6 45. Kg3 Kf7 46. Kf3 Bg5 47. Ke4 Kg7 48. Kd5 Be3 49. Ke6 Bd4 1/2-1/2

[Event "White Rook U14 Final 2019"]
[Site "Sochi"]
[Date "2019.06.06"]
[Round "2.27"]
[White "Minakov, Artemij"]
[Black "Tolmaev, Georgy"]
[Result "1/2-1/2"]
[ECO "A81"]
[WhiteElo "1426"]
[BlackElo "1302"]
[Annotator "NA RC"]
[PlyCount "116"]
[EventDate "2019.06.02"]
[EventCountry "RUS"]
[SourceTitle "playchess.com"]
[Source "ChessBase"]
[SourceQuality "1"]
[TimeControl "5400+30"]

1. Nf3 e6 2. g3 d5 3. d4 f5 4. Bg2 Nf6 5. b3 c6 6. Bb2 Bd6 7. Nbd2 O-O 8. Ne5 Nbd7 9. Ndf3 Ne4 10. e3 Bb4+ 11. Ke2 Bc3 12. Qc1 Qa5 13. Bxc3 Nxc3+ 14. Kf1 b6 15. Qd2 Qb5+ 16. Nd3 Ne4 17. Qb4 Qxb4 18. Nxb4 c5 19. Nd3 Ba6 20. Nfe1 Rac8 21. f3 Nd6 22. Kf2 Bxd3 23. Nxd3 cxd4 24. Rac1 dxe3+ 25. Kxe3 Nc5 26. Ne5 Nf7 27. Kd4 Nxe5 28. Kxe5 Kf7 29. Rhd1 Nd7+ 30. Kd4 Rc5 31. f4 Rfc8 32. c3 Nf6 33. Rd2 Ne4 34. Rdc2 Kf6 35. Bf1 h6 36. Bd3 Nd6 37. Bf1 g5 38. Rg2 Ne4 39. Rgc2 g4 40. Bd3 h5 41. b4 R5c7 42. c4 Rd8 43. c5 bxc5+ 44. bxc5 Rb8 45. Bxe4 Rb4+ 46. Kd3 fxe4+ 47. Ke3 Kf5 48. c6 e5 49. Rc5 Rd4 50. Rb5 Rd3+ 51. Ke2 exf4 52. gxf4 Ke6 53. Rb8 g3 54. hxg3 Rxg3 55. Re8+ Kf7 56. Rd8 Rd3 57. Rh8 Ke6 58. Rxh5 Rf3 1/2-1/2

[Event "White Rook U14 Final 2019"]
[Site "Sochi"]
[Date "2019.06.06"]
[Round "2.28"]
[White "Karaseni, Ekaterina"]
[Black "Nazarova, Ekaterina"]
[Result "1-0"]
[ECO "C32"]
[WhiteElo "1293"]
[BlackElo "1221"]
[Annotator "NA RC"]
[PlyCount "145"]
[EventDate "2019.06.02"]
[EventCountry "RUS"]
[SourceTitle "playchess.com"]
[Source "ChessBase"]
[SourceQuality "1"]
[TimeControl "5400+30"]

1. e4 e5 2. f4 d5 3. exd5 e4 4. Nc3 Nf6 5. Bc4 Bc5 6. d4 Bb4 7. Nge2 Nxd5 8. Bxd5 Qxd5 9. O-O Qc6 10. f5 Nd7 11. Qe1 Qf6 12. Qg3 Bd6 13. Nxe4 Bxg3 14. Nxf6+ Nxf6 15. Nxg3 O-O 16. Bf4 c6 17. Rae1 Bd7 18. Bd6 Rfe8 19. c3 Ng4 20. Be5 Nh6 21. f6 g6 22. h3 Nf5 23. Nxf5 Bxf5 24. Re3 h5 25. Rfe1 Rac8 26. Bd6 Rxe3 27. Rxe3 Rd8 28. Bc5 a6 29. Re7 Rd7 30. Kf2 Kh7 31. Kf3 Kh6 32. g4 hxg4+ 33. hxg4 Be6 34. Rxd7 Bxd7 35. Kf4 b5 36. Bf8+ Kh7 37. g5 Be6 38. a3 Bd5 39. Ke5 a5 40. a4 bxa4 41. Kd6 Kg8 42. Be7 Kh7 43. Kc5 a3 44. bxa3 a4 45. Kb4 Bb3 46. c4 Kg8 47. d5 cxd5 48. cxd5 Bxd5 49. Kxa4 Bc6+ 50. Kb4 Ba8 51. a4 Kh7 52. a5 Bb7 53. Kb5 Ba8 54. a6 Bd5 55. Kb6 Kg8 56. Kc7 Kh8 57. a7 Kg8 58. Kb8 Kh7 59. a8=Q Bxa8 60. Kxa8 Kg8 61. Kb8 Kh7 62. Kc8 Kg8 63. Kd8 Kh7 64. Ke8 Kg8 65. Bc5 Kh8 66. Kxf7 Kh7 67. Ke8 Kg8 68. f7+ Kh7 69. Ke7 Kh8 70. f8=Q+ Kh7 71. Qf6 Kg8 72. Qxg6+ Kh8 73. Bd4# 1-0

[Event "White Rook U14 Final 2019"]
[Site "Sochi"]
[Date "2019.06.06"]
[Round "2.29"]
[White "Lotnik, Vladislav"]
[Black "Naumov, Igor"]
[Result "1-0"]
[ECO "A17"]
[WhiteElo "1490"]
[BlackElo "1800"]
[Annotator "NA RC"]
[PlyCount "135"]
[EventDate "2019.06.02"]
[EventCountry "RUS"]
[SourceTitle "playchess.com"]
[Source "ChessBase"]
[SourceQuality "1"]
[TimeControl "5400+30"]

1. c4 Nf6 2. Nc3 e6 3. g3 d5 4. cxd5 exd5 5. d4 Be7 6. Bg2 O-O 7. Bg5 c6 8. e3 h6 9. Bxf6 Bxf6 10. Nge2 Bf5 11. O-O Re8 12. Rc1 Nd7 13. Nf4 Nb6 14. Nd3 Nc4 15. b3 Bxd3 16. Qxd3 Nd6 17. Na4 Ne4 18. Bxe4 Rxe4 19. Nc5 Re7 20. Qd1 Qd6 21. Qg4 g6 22. Rfd1 h5 23. Qf3 h4 24. e4 Bg7 25. e5 Qc7 26. gxh4 Rf8 27. Qg4 f6 28. f4 fxe5 29. fxe5 Qc8 30. Qxc8 Rxc8 31. Rf1 b6 32. Nd3 Bh6 33. Rce1 Bd2 34. Re2 Bc3 35. Rf4 c5 36. dxc5 bxc5 37. Rf6 Kg7 38. Rg2 Bxe5 39. Rgxg6+ Kh7 40. Rh6+ Kg7 41. Rhg6+ Kh7 42. Nxe5 Rxe5 43. Rh6+ Kg7 44. Rhg6+ Kh7 45. Rg5 Rce8 46. Rf7+ Kh6 47. Rf6+ Kh7 48. Rf7+ Kh6 49. Rxe5 Rxe5 50. Rxa7 Kh5 51. Rg7 Kxh4 52. Kf2 d4 53. Rg3 Re7 54. a4 Ra7 55. Ke2 Rb7 56. Kd2 Rb4 57. Kc2 Rb7 58. Rg6 d3+ 59. Kc3 d2 60. Rg1 Kh3 61. Rd1 Kxh2 62. Rxd2+ Kg3 63. Rd5 Kf4 64. Rxc5 Ke4 65. Kc4 Rd7 66. Rc6 Rd1 67. Re6+ Kf5 68. Re3 1-0

[Event "White Rook U14 Final 2019"]
[Site "Sochi"]
[Date "2019.06.06"]
[Round "2.30"]
[White "Nasedkin, Arseny"]
[Black "Kostornichenko, Yana"]
[Result "1/2-1/2"]
[ECO "B42"]
[WhiteElo "1559"]
[BlackElo "1706"]
[Annotator "NA RC"]
[PlyCount "86"]
[EventDate "2019.06.02"]
[EventCountry "RUS"]
[SourceTitle "playchess.com"]
[Source "ChessBase"]
[SourceQuality "1"]
[TimeControl "5400+30"]

1. e4 c5 2. Nf3 e6 3. d4 cxd4 4. Nxd4 a6 5. Bd3 g6 6. O-O Bg7 7. c3 Ne7 8. Be3 O-O 9. Nd2 d5 10. exd5 Nxd5 11. Qe2 Nd7 12. Be4 N7f6 13. Rfd1 Bd7 14. Bf3 Qc7 15. c4 Nxe3 16. Qxe3 Rfe8 17. Rac1 e5 18. N4b3 e4 19. Be2 Ng4 20. Bxg4 Bxg4 21. Re1 Bxb2 22. Rc2 Bg7 23. h3 Bd7 24. Nc5 f5 25. Rb1 Bc6 26. Qe2 Rad8 27. Ndb3 f4 28. Qg4 Bd7 29. Nxd7 Rxd7 30. Nc5 Rde7 31. Nb3 e3 32. fxe3 Rxe3 33. Rd1 Qe5 34. Rf2 Re1+ 35. Rf1 Qe3+ 36. Kh1 Rxf1+ 37. Rxf1 Rf8 38. Qd7 Qe2 39. Kg1 Rf7 40. Qd8+ Bf8 41. Qd5 Qe3+ 42. Kh1 Kg7 43. Nd4 b6 1/2-1/2

[Event "White Rook U14 Final 2019"]
[Site "Sochi"]
[Date "2019.06.06"]
[Round "2.31"]
[White "Abubekerov, Iliya"]
[Black "Noskov, Alexander"]
[Result "1-0"]
[ECO "D94"]
[WhiteElo "1199"]
[BlackElo "1782"]
[Annotator "NA RC"]
[PlyCount "49"]
[EventDate "2019.06.02"]
[EventCountry "RUS"]
[SourceTitle "playchess.com"]
[Source "ChessBase"]
[SourceQuality "1"]
[TimeControl "5400+30"]

1. d4 d5 2. c4 c6 3. Nc3 Nf6 4. Nf3 g6 5. e3 Bg7 6. Be2 O-O 7. O-O a6 8. cxd5 cxd5 9. Qb3 Nc6 10. Bd2 Rb8 11. Na4 b5 12. Nc5 Bb7 13. Rfc1 Qd6 14. a4 b4 15. a5 Rfd8 16. Qc2 Na7 17. Bxb4 Qc6 18. Ne5 Qc8 19. Ncd3 e6 20. Qxc8 Rdxc8 21. Bd6 Ra8 22. Nc5 Bc6 23. Bxa6 Re8 24. Nxc6 Nxc6 25. Bb7 1-0

[Event "White Rook U14 Final 2019"]
[Site "Sochi"]
[Date "2019.06.06"]
[Round "2.32"]
[White "Suslenkova, Elvira"]
[Black "Kulish, Glafira"]
[Result "1-0"]
[ECO "E11"]
[WhiteElo "1359"]
[BlackElo "1379"]
[Annotator "NA RC"]
[PlyCount "93"]
[EventDate "2019.06.02"]
[EventCountry "RUS"]
[SourceTitle "playchess.com"]
[Source "ChessBase"]
[SourceQuality "1"]
[TimeControl "5400+30"]

1. Nf3 e6 2. g3 Nf6 3. Bg2 Bb4 4. O-O O-O 5. a3 Be7 6. d4 d5 7. Nbd2 c5 8. c4 Nc6 9. dxc5 Bxc5 10. cxd5 Nxd5 11. Nc4 Qc7 12. b4 Be7 13. Qb3 Bf6 14. Bb2 Bxb2 15. Nxb2 b5 16. Rac1 Qb6 17. Nd3 Nd4 18. Nxd4 Qxd4 19. e3 Qf6 20. Nf4 Nxf4 21. Bxa8 Ne2+ 22. Kg2 Nxc1 23. Rxc1 e5 24. Bd5 Rd8 25. Rc7 Be6 26. Bxe6 fxe6 27. Qc2 e4 28. Rc8 Qf3+ 29. Kg1 Qf6 30. Qc7 Rxc8 31. Qxc8+ Kf7 32. Qb7+ Kg6 33. Qxe4+ Qf5 34. Qc6 Qe5 35. Qc2+ Kh6 36. Qc1 Kg6 37. h4 h5 38. Qb1+ Kf6 39. Qd3 Qd5 40. Qxd5 exd5 41. Kf1 Ke5 42. Ke2 g6 43. Kd3 Ke6 44. Kd4 Kd6 45. f3 a6 46. g4 g5 47. gxh5 1-0

[Event "White Rook U14 Final 2019"]
[Site "Sochi"]
[Date "2019.06.06"]
[Round "2.33"]
[White "Kulnev, Aleksandr"]
[Black "Balashov, Arseny"]
[Result "0-1"]
[ECO "B27"]
[WhiteElo "1377"]
[BlackElo "1990"]
[Annotator "NA RC"]
[PlyCount "94"]
[EventDate "2019.06.02"]
[EventCountry "RUS"]
[SourceTitle "playchess.com"]
[Source "ChessBase"]
[SourceQuality "1"]
[TimeControl "5400+30"]

1. e4 c5 2. c3 g6 3. d4 cxd4 4. cxd4 d5 5. e5 Bg7 6. Nf3 Nh6 7. Be3 a6 8. Be2 Nc6 9. Nc3 O-O 10. O-O Nf5 11. Qb3 b5 12. Qxd5 Qxd5 13. Nxd5 Rd8 14. Nb6 Rb8 15. Nxc8 Rbxc8 16. Rfd1 Nb4 17. Bd3 Nxe3 18. fxe3 Nc2 19. Bxc2 Rxc2 20. Rd2 Rxd2 21. Nxd2 Rc8 22. Nb3 Bh6 23. e4 Rc2 24. d5 Bf4 25. e6 fxe6 26. dxe6 Rxb2 27. Na5 Rc2 28. Nb7 Be5 29. Rd1 Rxa2 30. Rd7 Kf8 31. h3 b4 32. Rd8+ Kg7 33. Rd7 Kf6 34. Rd1 b3 35. Rf1+ Kg5 36. Rb1 b2 37. Kf2 Ra1 38. Nd8 Rxb1 39. Nc6 Bd6 40. e5 Bc5+ 41. Ke2 Rg1 42. Kd3 b1=Q+ 43. Kc4 Rc1+ 44. Kd5 Qd3+ 45. Nd4 Bxd4 46. h4+ Kg4 47. h5 Bg1# 0-1

[Event "White Rook U14 Final 2019"]
[Site "Sochi"]
[Date "2019.06.06"]
[Round "2.34"]
[White "Mikheev, Arsenii E."]
[Black "Kudryavtsev, Egor"]
[Result "1-0"]
[ECO "E13"]
[WhiteElo "1500"]
[BlackElo "1283"]
[Annotator "NA RC"]
[PlyCount "99"]
[EventDate "2019.06.02"]
[EventCountry "RUS"]
[SourceTitle "playchess.com"]
[Source "ChessBase"]
[SourceQuality "1"]
[TimeControl "5400+30"]

1. c4 e6 2. Nc3 Nf6 3. d4 Bb4 4. Nf3 Bxc3+ 5. bxc3 b6 6. Bg5 Bb7 7. e3 h6 8. Bh4 d6 9. Be2 g5 10. Bg3 Ne4 11. Bd3 Nd7 12. Qc2 f5 13. Bxe4 Bxe4 14. Qe2 h5 15. h4 Bxf3 16. Qxf3 g4 17. Qc6 Kf7 18. c5 bxc5 19. dxc5 Nxc5 20. Rd1 Qd7 21. Qxc5 Rhd8 22. Qd4 Qe7 23. Qf4 Qf6 24. Qc4 Rdc8 25. O-O Ke7 26. Rb1 e5 27. Rb7 Kd8 28. Rd1 a5 29. Qc6 Rab8 30. Rxc7 Rxc7 31. Rxd6+ Qxd6 32. Qxd6+ Kc8 33. Bxe5 Rb1+ 34. Kh2 Rd7 35. Qf8+ Kb7 36. Qb8+ Kc6 37. Qxb1 Rd5 38. Qxf5 Rd2 39. Qc8+ Kb5 40. Qb7+ Kc4 41. Qb3+ Kd3 42. c4+ Ke2 43. c5 Kxf2 44. Bg3+ Ke2 45. Qc4+ Kd1 46. c6 a4 47. c7 a3 48. c8=Q Rxa2 49. Qc1+ Ke2 50. Q8c4# 1-0

[Event "White Rook U14 Final 2019"]
[Site "Sochi"]
[Date "2019.06.06"]
[Round "2.36"]
[White "Belova, Tatyana"]
[Black "Malysheva, Valeria"]
[Result "0-1"]
[ECO "A29"]
[WhiteElo "1584"]
[BlackElo "1699"]
[Annotator "NA RC"]
[PlyCount "124"]
[EventDate "2019.06.02"]
[EventCountry "RUS"]
[SourceTitle "playchess.com"]
[Source "ChessBase"]
[SourceQuality "1"]
[TimeControl "5400+30"]

1. c4 e5 2. Nc3 Nf6 3. g3 d5 4. cxd5 Nxd5 5. Bg2 Be6 6. Nf3 Nc6 7. O-O Be7 8. d4 exd4 9. Nxd4 Nxd4 10. Qxd4 Bf6 11. Qa4+ c6 12. Nxd5 Bxd5 13. Rd1 b5 14. Qc2 Qb6 15. Be3 Qb7 16. Bxd5 cxd5 17. Rac1 O-O 18. Bd4 Rac8 19. Qd2 Bxd4 20. Qxd4 Rc4 21. Rxc4 dxc4 22. Qd7 Qa6 23. Qe7 h6 24. Ra1 Qb6 25. Rd1 Qa5 26. a3 Qb6 27. Qd6 Qb7 28. Qd7 Rb8 29. Rd6 Qxd7 30. Rxd7 a6 31. Rd6 a5 32. Ra6 a4 33. Rd6 Rb7 34. e3 b4 35. axb4 Rxb4 36. Rd4 Rxb2 37. Rxc4 a3 38. Ra4 a2 39. Kg2 Kh7 40. g4 Kg6 41. h4 h5 42. gxh5+ Kxh5 43. Kg3 Kg6 44. Ra5 Kf6 45. f4 Ke6 46. Kf3 Kd6 47. Ke4 Rd2 48. Kf3 Kc6 49. e4 Kb6 50. Ra8 Kb5 51. e5 Kb4 52. f5 Rd3+ 53. Ke4 Ra3 54. Rb8+ Kc5 55. Rc8+ Kb6 56. Rc1 a1=Q 57. Rxa1 Rxa1 58. e6 fxe6 59. fxe6 Kc6 60. Kf5 Kd6 61. Kg6 Kxe6 62. Kxg7 Rh1 0-1

[Event "White Rook U14 Final 2019"]
[Site "Sochi"]
[Date "2019.06.06"]
[Round "3.3"]
[White "Mugenov, Vadim"]
[Black "Shirkunov, Alexandr"]
[Result "0-1"]
[ECO "B17"]
[WhiteElo "1329"]
[BlackElo "1557"]
[Annotator "NA RC"]
[PlyCount "78"]
[EventDate "2019.06.02"]
[EventCountry "RUS"]
[SourceTitle "playchess.com"]
[Source "ChessBase"]
[SourceQuality "1"]
[TimeControl "5400+30"]

1. e4 c6 2. Nc3 d5 3. Nf3 dxe4 4. Nxe4 Nd7 5. Bc4 Ngf6 6. Ng3 e6 7. O-O Be7 8. d4 O-O 9. Bf4 Nb6 10. Bb3 c5 11. c3 c4 12. Bc2 Nbd5 13. Be5 b5 14. a4 b4 15. cxb4 Bxb4 16. Bxf6 Qxf6 17. Ne4 Qe7 18. Ne5 Qc7 19. Ng5 f5 20. b3 Nc3 21. Qf3 Bb7 22. Qh3 h6 23. Nxe6 Qd6 24. Nxf8 Rxf8 25. Kh1 Qxd4 26. Ng6 Re8 27. bxc4 Be4 28. Bxe4 Qxe4 29. Nh4 f4 30. Nf3 Qxc4 31. Qd7 Re7 32. Qd4 Qxd4 33. Nxd4 Bc5 34. Nb3 Bb4 35. Nd4 Bc5 36. Nb5 Ne4 37. f3 Nf2+ 38. Rxf2 Bxf2 39. Nc3 Bd4 0-1

[Event "White Rook U14 Final 2019"]
[Site "Sochi"]
[Date "2019.06.06"]
[Round "3.4"]
[White "Toledo Flores, Marianna"]
[Black "Mkrtchian, Anait"]
[Result "0-1"]
[ECO "D06"]
[WhiteElo "1530"]
[BlackElo "1165"]
[Annotator "NA RC"]
[PlyCount "108"]
[EventDate "2019.06.02"]
[EventCountry "RUS"]
[SourceTitle "playchess.com"]
[Source "ChessBase"]
[SourceQuality "1"]
[TimeControl "5400+30"]

1. Nf3 d5 2. d4 Bf5 3. c4 e6 4. Qb3 b6 5. cxd5 Qxd5 6. Qxd5 exd5 7. Nc3 Nf6 8. Bf4 Bb4 9. a3 Bxc3+ 10. bxc3 c6 11. Ne5 Nfd7 12. Nf3 Nf6 13. g3 Nbd7 14. Bg2 O-O-O 15. Rc1 Rhe8 16. Ne5 Nxe5 17. Bxe5 b5 18. f3 Nd7 19. Bxg7 Bd3 20. Bf1 Re6 21. Kd2 Bg6 22. Bh6 Kb7 23. h4 Nb6 24. Bg5 f6 25. Bh3 Nc4+ 26. Ke1 Ree8 27. Bxf6 Rd6 28. Bg5 Bd3 29. Rh2 Nxa3 30. Kd2 Bg6 31. e3 Nc4+ 32. Ke2 a5 33. Bg4 Nb2 34. Ra1 a4 35. f4 Bd3+ 36. Kd2 h6 37. f5 hxg5 38. hxg5 Be4 39. f6 Nc4+ 40. Kc1 Nxe3 41. Bh5 Rf8 42. Kb2 Nc4+ 43. Ka2 Rh8 44. Rf1 Nb6 45. Rh4 Bd3 46. Re1 Be4 47. g4 Nd7 48. Rf1 Bd3 49. Rf3 Bc4+ 50. Ka3 Re6 51. Rh2 Re1 52. Kb2 a3+ 53. Kxa3 Ra8+ 54. Kb4 Ra4# 0-1

[Event "White Rook U14 Final 2019"]
[Site "Sochi"]
[Date "2019.06.06"]
[Round "3.5"]
[White "Suvanbekov, Jahangir"]
[Black "Kurus, Artem"]
[Result "0-1"]
[ECO "A46"]
[WhiteElo "1569"]
[BlackElo "1769"]
[Annotator "NA RC"]
[PlyCount "92"]
[EventDate "2019.06.02"]
[EventCountry "RUS"]
[SourceTitle "playchess.com"]
[Source "ChessBase"]
[SourceQuality "1"]
[TimeControl "5400+30"]

1. d4 Nf6 2. Bf4 e6 3. Nf3 c5 4. e3 Qb6 5. Be5 Qxb2 6. d5 Qb6 7. d6 Ne4 8. Nbd2 Nxd6 9. Bd3 f6 10. Bxd6 Qxd6 11. O-O Nc6 12. e4 Qc7 13. Re1 d6 14. Bb5 Be7 15. Nf1 a6 16. Bd3 b5 17. c3 Qa5 18. Qc2 Bd7 19. a3 c4 20. Be2 O-O 21. Ne3 Be8 22. a4 Qd8 23. Red1 Bg6 24. Nh4 Bf7 25. g3 Na5 26. Bf3 Nb3 27. Ra2 Qb6 28. Nhg2 Rad8 29. Nf4 Rfe8 30. Bg2 Bf8 31. h3 g6 32. Bf3 Bg7 33. Ne2 f5 34. Rb2 Bh6 35. Nd4 Bxe3 36. fxe3 e5 37. Nxb3 cxb3 38. Qd2 f4 39. axb5 fxe3 40. Qe2 axb5 41. Re1 Ra8 42. Qxe3 Qxe3+ 43. Rxe3 Ra2 44. Ree2 Rea8 45. Bg4 Rxb2 46. Rxb2 Ra1+ 0-1

[Event "White Rook U14 Final 2019"]
[Site "Sochi"]
[Date "2019.06.06"]
[Round "3.6"]
[White "Usov, Aleksandr E."]
[Black "Solomko, Artur"]
[Result "1-0"]
[ECO "C06"]
[WhiteElo "1812"]
[BlackElo "1498"]
[Annotator "NA RC"]
[PlyCount "81"]
[EventDate "2019.06.02"]
[EventCountry "RUS"]
[SourceTitle "playchess.com"]
[Source "ChessBase"]
[SourceQuality "1"]
[TimeControl "5400+30"]

1. e4 e6 2. d4 d5 3. Nd2 Nf6 4. e5 Nfd7 5. c3 c5 6. Bd3 Nc6 7. Ngf3 cxd4 8. cxd4 f6 9. exf6 Nxf6 10. O-O Bd6 11. b3 O-O 12. Bb2 Nb4 13. Bb1 Qe8 14. Ne5 Qh5 15. a3 Qxd1 16. Rxd1 Nc6 17. Nxc6 bxc6 18. Bd3 c5 19. Nf3 Rb8 20. dxc5 Bxc5 21. Bd4 Bxd4 22. Nxd4 Bd7 23. Re1 Rfe8 24. f4 Nh5 25. g3 g5 26. Re5 gxf4 27. Rxh5 e5 28. Bxh7+ Kg7 29. Nf5+ Bxf5 30. Bxf5 f3 31. b4 Rh8 32. Rxh8 Rxh8 33. Rd1 Kf6 34. Bg4 e4 35. Rxd5 Re8 36. Rf5+ Kg6 37. Bh5+ Kxf5 38. Bxe8 e3 39. Kf1 f2 40. Bb5 Ke4 41. Be2 1-0

[Event "White Rook U14 Final 2019"]
[Site "Sochi"]
[Date "2019.06.06"]
[Round "3.7"]
[White "Alisherov, Alikhan"]
[Black "Saikin, Ilia"]
[Result "1/2-1/2"]
[ECO "A46"]
[WhiteElo "1567"]
[BlackElo "1641"]
[Annotator "NA RC"]
[PlyCount "68"]
[EventDate "2019.06.02"]
[EventCountry "RUS"]
[SourceTitle "playchess.com"]
[Source "ChessBase"]
[SourceQuality "1"]
[TimeControl "5400+30"]

1. d4 Nf6 2. Bf4 e6 3. Nf3 c5 4. e3 Qb6 5. Qc1 Nc6 6. c3 Nh5 7. Bg3 Nxg3 8. hxg3 d5 9. Nbd2 cxd4 10. exd4 e5 11. Nb3 e4 12. Nfd2 a5 13. a4 Bd6 14. Be2 Be6 15. Qd1 Qc7 16. O-O h5 17. Nc5 g6 18. Re1 h4 19. Nxe6 fxe6 20. Bg4 hxg3 21. f3 Qh7 22. Bh3 Qf7 23. Qe2 Rxh3 24. gxh3 e3 25. Qxe3 Kd7 26. Rf1 Bf4 27. Qe2 Rh8 28. Kg2 Qf5 29. Rh1 Qc2 30. Rhd1 Qf5 31. Rh1 Qc2 32. Rhd1 Qf5 33. Rh1 Qc2 34. Rhd1 Nb8 1/2-1/2

[Event "White Rook U14 Final 2019"]
[Site "Sochi"]
[Date "2019.06.06"]
[Round "3.8"]
[White "Krupnova, Anna"]
[Black "Pazylbekova, Nurzhamal"]
[Result "1-0"]
[ECO "D36"]
[WhiteElo "1714"]
[BlackElo "1155"]
[Annotator "NA RC"]
[PlyCount "114"]
[EventDate "2019.06.02"]
[EventCountry "RUS"]
[SourceTitle "playchess.com"]
[Source "ChessBase"]
[SourceQuality "1"]
[TimeControl "5400+30"]

1. d4 d5 2. c4 e6 3. Nc3 Nf6 4. cxd5 exd5 5. Bg5 Nbd7 6. e3 Be7 7. Bd3 O-O 8. Qc2 c6 9. Nge2 Re8 10. f3 h6 11. Bh4 Ng4 12. Bxe7 Nxe3 13. Bxd8 Nxc2+ 14. Bxc2 Rxd8 15. O-O Nf6 16. Rfe1 Bd7 17. Rac1 Ne8 18. Bd3 Nd6 19. Ng3 Re8 20. Kf2 Kf8 21. Na4 Rxe1 22. Rxe1 Re8 23. Nc5 Bc8 24. Rxe8+ Kxe8 25. h4 Ke7 26. h5 Kf6 27. b4 b6 28. Nb3 Nb5 29. Bxb5 cxb5 30. Ne2 Bd7 31. Nf4 Bc6 32. Nc1 Ke7 33. Ncd3 f6 34. Ke3 Kd6 35. g4 Bd7 36. Ng6 Be8 37. Nc1 Bd7 38. Ne2 Be8 39. Ng3 Bd7 40. Kf4 a5 41. a3 axb4 42. axb4 Be6 43. Nf5+ Bxf5 44. Kxf5 Kd7 45. Nf4 Kd6 46. Kg6 Kc6 47. Kxg7 Kd6 48. Kxh6 Kc6 49. Kg7 Kd6 50. h6 Kc6 51. h7 Kd6 52. h8=Q Kc6 53. Qc8+ Kd6 54. Qe6+ Kc7 55. Nxd5+ Kd8 56. Qe7+ Kc8 57. Qc5+ Kd8 1-0

[Event "White Rook U14 Final 2019"]
[Site "Sochi"]
[Date "2019.06.06"]
[Round "3.9"]
[White "Khanin, Mikhail E."]
[Black "Putrenko, Kirill"]
[Result "1/2-1/2"]
[ECO "B15"]
[WhiteElo "1692"]
[BlackElo "2010"]
[Annotator "NA RC"]
[PlyCount "127"]
[EventDate "2019.06.02"]
[EventCountry "RUS"]
[SourceTitle "playchess.com"]
[Source "ChessBase"]
[SourceQuality "1"]
[TimeControl "5400+30"]

1. d4 g6 2. e4 Bg7 3. Nc3 c6 4. Nf3 d5 5. e5 Bg4 6. Be2 Nh6 7. h3 Bxf3 8. Bxf3 O-O 9. h4 f6 10. Bxh6 Bxh6 11. h5 Kg7 12. hxg6 hxg6 13. Ne2 Qc8 14. exf6+ exf6 15. Qd3 Qe6 16. Kf1 Nd7 17. g3 f5 18. Re1 Rae8 19. Kg2 Qd6 20. Rh2 Nf6 21. Reh1 Rh8 22. Qd1 Ne4 23. Nc1 Qb4 24. Nb3 Bg5 25. Rxh8 Rxh8 26. Rxh8 Kxh8 27. Bxe4 dxe4 28. d5 e3 29. fxe3 Qe4+ 30. Qf3 cxd5 31. Qxe4 dxe4 32. Kf2 Bf6 33. c3 Kg8 34. Nd4 a6 35. Ne6 Be7 36. g4 Kf7 37. gxf5 gxf5 38. Nf4 Bd6 39. Ne2 Kf6 40. Nd4 Ke5 41. Ke2 f4 42. exf4+ Kxf4 43. Ne6+ Kf5 44. Nd4+ Ke5 45. Nc2 Bc5 46. Na1 b5 47. Nc2 Bb6 48. Kd2 Bc5 49. Ke2 Kd5 50. Kd2 a5 51. Ke2 Bb6 52. Kd2 Bd8 53. Nd4 Bg5+ 54. Ke2 b4 55. cxb4 Kxd4 56. bxa5 Kc5 57. b4+ Kb5 58. a4+ Ka6 59. Kf2 Bd2 60. Ke2 Bc1 61. Kf2 Bh6 62. Ke2 Bg5 63. Kf2 Bc1 64. Ke2 1/2-1/2

[Event "White Rook U14 Final 2019"]
[Site "Sochi"]
[Date "2019.06.06"]
[Round "3.10"]
[White "Ismagilov, Igor"]
[Black "Laukhina, Margarita A."]
[Result "1-0"]
[ECO "A45"]
[WhiteElo "1803"]
[BlackElo "1489"]
[Annotator "NA RC"]
[PlyCount "87"]
[EventDate "2019.06.02"]
[EventCountry "RUS"]
[SourceTitle "playchess.com"]
[Source "ChessBase"]
[SourceQuality "1"]
[TimeControl "5400+30"]

1. d4 d6 2. Bf4 Nf6 3. e3 c6 4. c4 Qc7 5. Bg3 Bf5 6. Nc3 Nbd7 7. Bd3 Bg6 8. Nf3 e5 9. Qc2 Be7 10. O-O Nh5 11. Bh4 Nf8 12. b4 Bxh4 13. Nxh4 Qe7 14. Nf3 Nf6 15. dxe5 dxe5 16. Bxg6 Nxg6 17. c5 O-O 18. Nd2 Nd5 19. Qb3 Nxc3 20. Qxc3 e4 21. Rfd1 f5 22. g3 Ne5 23. Nc4 Nf3+ 24. Kg2 h5 25. Rd6 Qg5 26. Ne5 f4 27. Qc4+ Kh8 28. Nf7+ Rxf7 29. Qxf7 fxe3 30. fxe3 Qxe3 31. Rf1 Qg5 32. Qf4 Re8 33. Qxg5 Nxg5 34. Rfd1 Kh7 35. Re1 Re7 36. Re3 g6 37. Rd4 b6 38. h4 bxc5 39. bxc5 Nf7 40. Rdxe4 Rb7 41. Re7 Rb2+ 42. Re2 Rxe2+ 43. Rxe2 Kg7 44. Re6 1-0

[Event "White Rook U14 Final 2019"]
[Site "Sochi"]
[Date "2019.06.06"]
[Round "3.11"]
[White "Tolmaev, Georgy"]
[Black "Khodko, Yurii N."]
[Result "0-1"]
[ECO "A03"]
[WhiteElo "1302"]
[BlackElo "1727"]
[Annotator "NA RC"]
[PlyCount "92"]
[EventDate "2019.06.02"]
[EventCountry "RUS"]
[SourceTitle "playchess.com"]
[Source "ChessBase"]
[SourceQuality "1"]
[TimeControl "5400+30"]

1. d4 Nf6 2. e3 g6 3. f4 d5 4. Bd3 Bg7 5. Nf3 Bf5 6. O-O h5 7. Ne5 e6 8. b3 Ng4 9. Qe2 Nxe5 10. fxe5 Bh6 11. c3 Nc6 12. Nd2 O-O 13. Nf3 Bxd3 14. Qxd3 Ne7 15. e4 Bxc1 16. Raxc1 c6 17. Qe3 dxe4 18. Qxe4 Nf5 19. Qf4 Rc8 20. Ng5 c5 21. dxc5 Rxc5 22. Ne4 Rc8 23. Nf6+ Kg7 24. Rcd1 Qb6+ 25. Kh1 Qe3 26. Ne4 Qxf4 27. Rxf4 Rfd8 28. Nd6 Rxc3 29. Kg1 Nxd6 30. Rxd6 Rxd6 31. exd6 Rd3 32. Rc4 Rxd6 33. Rc7 Rd1+ 34. Kf2 Rd2+ 35. Kf3 Rxa2 36. Rxb7 g5 37. h3 Kg6 38. g3 Ra6 39. b4 f5 40. h4 g4+ 41. Kf4 Kf6 42. Rc7 Ra3 43. Rf7+ Kxf7 44. Kg5 Rxg3 45. b5 Rh3 46. Kxh5 Kf6 0-1

[Event "White Rook U14 Final 2019"]
[Site "Sochi"]
[Date "2019.06.06"]
[Round "3.12"]
[White "Loviagina, Dariana"]
[Black "Karaseni, Ekaterina"]
[Result "1-0"]
[ECO "A04"]
[WhiteElo "1297"]
[BlackElo "1293"]
[Annotator "NA RC"]
[PlyCount "107"]
[EventDate "2019.06.02"]
[EventCountry "RUS"]
[SourceTitle "playchess.com"]
[Source "ChessBase"]
[SourceQuality "1"]
[TimeControl "5400+30"]

1. Nf3 c5 2. b3 d6 3. Bb2 Nf6 4. e3 g6 5. d4 cxd4 6. exd4 Bg7 7. g3 O-O 8. Bg2 Bg4 9. O-O Nc6 10. h3 Bf5 11. a3 Rc8 12. d5 Nb8 13. c4 Na6 14. Nbd2 Nc5 15. b4 Nce4 16. Nxe4 Nxe4 17. Bxg7 Kxg7 18. Qd4+ Nf6 19. g4 e5 20. dxe6 Bxe6 21. g5 Rxc4 22. Qxf6+ Qxf6 23. gxf6+ Kxf6 24. Nd2 Rh4 25. Kh2 Rc8 26. Rac1 b6 27. Rxc8 Bxc8 28. Rc1 Be6 29. Ne4+ Ke5 30. Re1 d5 31. Nc3+ Kd6 32. Nb5+ Kd7 33. Nxa7 Rc4 34. Rd1 Kd6 35. Nb5+ Kc6 36. Nd4+ Kd6 37. Bf1 Rc8 38. Nb5+ Ke7 39. Bg2 Rd8 40. Rd4 Kf6 41. f4 h6 42. Kg3 g5 43. Nc3 gxf4+ 44. Kxf4 Rc8 45. Nxd5+ Bxd5 46. Rxd5 Kg7 47. Be4 Rc3 48. Rd3 Rc4 49. h4 Rc8 50. Rd6 Rb8 51. Bd5 f6 52. Kf5 Re8 53. Rd7+ Kh8 54. Kg6 1-0